 Dungeon Crawl Stone Soup version 0.21-a0-241-g2cbab09 (webtiles) character file.

21 tidbits the Skirmisher (level 2, -1/26 HPs)
             Began as a Demigod Wanderer on Sept 3, 2017.
             Succumbed to Robin's poison
             ... on level 2 of the Dungeon.
             The game lasted 00:02:50 (423 turns).

tidbits the Skirmisher (Demigod Wanderer)            Turns: 423, Time: 00:02:51

Health: -1/26      AC:  5    Str: 15    XL:     2   Next: 45%
Magic:  5/5        EV: 18    Int: 21    God:
Gold:   25         SH:  0    Dex: 20    Spells: 1/1 levels left

rFire    . . .     SeeInvis +   a - +2 dagger (drain)
rCold    . . .     Gourm    .   (no shield)
rNeg     . . .     Faith    .   B - +0 ring mail
rPois    .         Spirit   .   (no helmet)
rElec    .         Reflect  .   (no cloak)
rCorr    .         Harm     .   (no gloves)
MR       .....                  (no boots)
Stlth    +++.......             (no amulet)
HPRegen  0.08/turn              V - +3 ring of evasion
MPRegen  0.09/turn              I - ring of see invisible

@: brilliant, agile, lethally poisoned (-1 -> -57)
A: high mp 1
a: no special abilities


You were on level 2 of the Dungeon.
You were not hungry.

You visited 1 branch of the dungeon, and saw 2 of its levels.

You collected 25 gold pieces.

Inventory:

Hand Weapons
 a - a +2 dagger of draining (weapon)
   (You took it off a goblin on level 2 of the Dungeon)
 b - a +0 spear
 h - a +0 hunting sling
 l - a +2 dagger
Missiles
 g - 24 bolts
Armour
 i - a +0 robe
 B - a +0 ring mail (worn)
Jewellery
 I - a ring of see invisible (right hand)
   (You found it on level 1 of the Dungeon)
 V - a +3 ring of evasion (left hand)
   (You found it on level 1 of the Dungeon)
Scrolls
 d - a scroll of teleportation
 e - 2 scrolls of noise {unknown}
 j - 3 scrolls of amnesia {unknown}
 m - a scroll of identify {unknown}
 p - a scroll of enchant armour {unknown}
Comestibles
 f - a bread ration
 n - a meat ration


   Skills:
 + Level 3.6 Fighting
 - Level 1.0(1.1) Polearms
   Level 1.0(1.1) Staves
 - Level 2.6 Stealth
   Level 1.0 Shields
   Level 1.0 Evocations


You had one spell level left.
You didn't know any spells.

Dungeon Overview and Level Annotations

Branches:
Dungeon (2/15)

Annotations:
D:2 Robin


Innate Abilities, Weirdness & Mutations

You have an increased reservoir of magic. (+10% MP)


Message History

You kill the hobgoblin!
There is a stone staircase leading up, spattered with blood here.
Things that are here:
a dagger; a hobgoblin corpse; a goblin corpse You see here a club.
What are your orders? t - Shout!
Orders for allies: a - Attack new target. r - Retreat! s - Stop attacking. g - Guard the area. f - Follow me.
Anything else - Cancel.
You shout for attention!
You hear a shout!
Things that are here:
a dagger of draining; a goblin skeleton
l - a dagger of draining Wield which item (- for none, * to show all)? (? for menu, Esc to quit)
Okay, then.
Wield which item (- for none, * to show all)? (? for menu, Esc to quit)
You sense an unholy aura.
l - a +2 dagger of draining (weapon)
Adjust (i)tems, (s)pells, or (a)bilities?
Adjust which item? (? for menu, Esc to quit)
l - a +2 dagger of draining (weapon)
Adjust to which letter? (? for menu, Esc to quit)
a - a +2 dagger of draining (weapon);
l - a +2 dagger You hit the rat.
The rat is severely wounded.
The rat bites you.
You hit the rat.
You kill the rat!
You closely miss Robin. Robin hits you with a spear of venom.
You are poisoned.
You closely miss Robin.
You feel sick. Robin barely misses you.
You barely miss Robin.
You feel sick. Robin hits you but does no damage.
You are lethally poisoned!
You barely miss Robin.
You feel sick. Robin closely misses you.
You hit Robin but do no damage. You drain Robin!
Robin is lightly wounded.
You feel sick. Robin hits you but does no damage.
You hit Robin.
Robin is moderately wounded.
You feel sick. Robin hits you with a spear of venom.
* * * LOW HITPOINT WARNING * * *
You are more poisoned.
It was a potion of brilliance.
You feel clever all of a sudden.
* * * LOW HITPOINT WARNING * * *
You feel sick.
Robin flexes a bicep menacingly.
Robin hits you but does no damage.
You are more poisoned.
You hit Robin.
Robin is moderately wounded.
* * * LOW HITPOINT WARNING * * *
You feel very sick. Robin hits you but does no damage.
You are more poisoned.
You hit Robin. You drain Robin!
Robin is severely wounded.
* * * LOW HITPOINT WARNING * * *
You feel very sick. Robin barely misses you.
You hit Robin.
Robin is almost dead.
* * * LOW HITPOINT WARNING * * *
You feel very sick. Robin hits you with a spear of venom.
* * * LOW HITPOINT WARNING * * *
You are more poisoned.
You feel much better.
You feel very sick. Robin hits you with a spear of venom.
You are more poisoned.
You hit Robin but do no damage.
Robin is almost dead.
You feel very sick.
Robin says, "My goblins will feast on your bones."
Robin hits you with a spear of venom.
You are more poisoned.
You barely miss Robin.
Robin is almost dead.
* * * LOW HITPOINT WARNING * * *
You feel very sick. Robin completely misses you.
You barely miss Robin.
Robin is almost dead.
* * * LOW HITPOINT WARNING * * *
You feel very sick. Robin hits you with a spear of venom.
* * * LOW HITPOINT WARNING * * *
You are more poisoned.
You barely miss Robin.
Robin is almost dead.
* * * LOW HITPOINT WARNING * * *
You feel very sick.
Robin says, "A pitiful Demigod like you will never find the ORB!"
Robin closely misses you.
It was a potion of agility.
You feel agile all of a sudden.
You die...

..# #<.# #.#
###..# #.#
#....# #.#
#....# #.#
#....# #.#
##.#.#####..
#<####.#).......
#.)....g#.####..
######@#.##
#.#.# ....#
.....g ##....#
##.#.# ###.. ###


You could see Robin.

Vanquished Creatures
  A bat (D:1)
  4 hobgoblins
  9 goblins
  3 rats (D:2)
17 creatures vanquished.

Vanquished Creatures (others)
  4 toadstools (D:1)
4 creatures vanquished.

Grand Total: 21 creatures vanquished

Notes
Turn   | Place    | Note
-------+----------+-------------------------------------------
     0 | D:1      | tidbits the Demigod Wanderer began the quest for the Orb.
     0 | D:1      | tidbits set off with: a +2 dagger, a potion of heal wounds, a +0 spear, a scroll of teleportation, a +0 robe, a bread ration
     0 | D:1      | Reached XP level 1. HP: 18/18 MP: 3/3
   130 | D:2      | Noticed Robin
   148 | D:1      | Reached skill level 3 in Fighting
   353 | D:1      | Reached XP level 2. HP: 23/26 MP: 5/5
   417 | D:2      | HP: 1/26 [Robin/spear of venom (2)]
   423 | D:2      | Succumbed to Robin's poison

Vault maps used:
D:1:      ldierk_walled_garden_2
D:2:      nemelex_xobeh_ov_fountains_minmay, dancing_weapons_uskayaw, uniq_robin

Skill      XL: |  1 |
---------------+----+-----
Fighting       | 3 |  3.6
Polearms       | |  1.0
Staves         | |  1.0
Stealth        | |  2.6
Shields        | |  1.0
Evocations     | |  1.0

Action                   || total
-------------------------++-------
Melee: Dagger            ||    58
  Use: Potion            ||     3
 Stab: Sleeping          ||     1
Armor: Ring mail         ||    16
Dodge: Dodged            ||    24

Table legend:
 A = Spawn XP
 B = Non-spawn XP
 C = Spawn XP percentage of total XP
 D = Spawn monster count
 E = Non-spawn monster count
 F = Spawn count percentage of total count
 G = Total turns spent on level
                    A         B        C        D         E        F      G
               +---------+---------+-------+---------+---------+-------+---------
         Total |       4 |      26 |  13.3 |       2 |      15 |  11.8 |   423
               +---------+---------+-------+---------+---------+-------+---------
           D:1 |       4 |      10 |  28.6 |       2 |       5 |  28.6 |   352
           D:2 |       0 |      16 |   0.0 |       0 |      10 |   0.0 |    71
               +---------+---------+-------+---------+---------+-------+---------

Table legend:
 A = Turns spent in this place as a percentage of turns spent in the entire game.
 B = Non-inter-level travel turns spent in this place as a percentage of non-inter-level travel turns spent in the entire game.
 C = Inter-level travel turns spent in this place as a percentage of turns spent in this place.
 D = Turns resting spent in this place as a percentage of non-inter-level travel turns spent in this place.
 E = Turns spent auto-exploring this place as a percentage of non-inter-level travel turns spent in this place.
 F = Non-inter-level travel turns spent in this place divided by the number of levels of this place that you've seen.
                   A       B       C       D       E      F
               +-------+-------+-------+-------+-------+----------------------
         Total | 100.0 | 100.0 |   4.7 |   0.0 |   0.0 | 201.5
       Dungeon | 100.0 | 100.0 |   4.7 |   0.0 |   0.0 | 201.5
               +-------+-------+-------+-------+-------+----------------------

Table legend:
 A = Kills in this place as a percentage of kills in entire the game.
 B = Kills by you in this place as a percentage of kills by you in the entire game.
 C = Kills by friends in this place as a percentage of kills by friends in the entire game.
 D = Other kills in this place as a percentage of other kills in the entire game.
 E = Experience gained in this place as a percentage of experience gained in the entire game.
 F = Experience gained in this place divided by the number of levels of this place that you have seen.
                   A       B       C       D       E      F
               +-------+-------+-------+-------+-------+----------------------
         Total | 100.0 | 100.0 |   N/A |   N/A | 100.0 |  15.0
       Dungeon | 100.0 | 100.0 |   N/A |   N/A | 100.0 |  15.0
               +-------+-------+-------+-------+-------+----------------------

Vault maps used:
D:1:      ldierk_walled_garden_2
D:2:      nemelex_xobeh_ov_fountains_minmay, dancing_weapons_uskayaw, uniq_robin
